General information
- name: BNet
- type: Ladder 1vs1/FFA
- host: Battle.net
- saver: blademonster
map: EchoIsles
- players: 2
- length: 16:17
- speed: Fast
- version: 1.21 W3XP
- replay type: Public
» download(54 KB)
Players
team 1 (loser)
Torbull (
teal | 71 APM | 1153 actions | 16:16)
2 Death Knight
1 Unholy Aura
1 Death Coil
» actions
| Basic commands | 6 | |
| Build / train | 42 | |
| Enter build submenu | 13 | |
| Enter hero's abilities submenu | 2 | |
| Right click | 806 | |
| Select / deselect | 257 | |
| Use ability | 27 | |
1153 total
» units
| Acolyte | 5 | |
| Ghoul | 2 | |
| Crypt Fiend | 13 | |
| Obsidian Statue | 2 | |
22 total
» upgrades
| Creature Attack | 2 | |
| Creature Carapace | 2 | |
| Web | 1 | |
5 total
» buildings
| Graveyard | 1 | |
| Ziggurat | 4 | |
| Altar of Darkness | 1 | |
| Crypt | 1 | |
| Nerubian Tower | 1 | |
| Spirit Tower | 2 | |
| Tomb of Relics | 1 | |
| Halls of the Dead | 1 | |
| Slaughterhouse | 3 | |
| Black Citadel | 1 | |
16 total
» build order
00:09 Graveyard
00:11 Ziggurat
00:39 Altar of Darkness
00:58 Crypt
01:21 Nerubian Tower
01:35 Ziggurat
02:27 Spirit Tower
04:11 Tomb of Relics
05:03 Ziggurat
05:43 Halls of the Dead
08:03 Spirit Tower
08:15 Slaughterhouse
09:14 Slaughterhouse
09:28 Slaughterhouse
09:46 Ziggurat
13:52 Black Citadel
» items
| Rod of Necromancy | 1 | |
| Dust of Appearance | 2 | |
| Potion of Healing | 3 | |
| Potion of Mana | 1 | |
7 total
team 2 (winner)
blademonster (
orange | 125 APM | 2034 actions | 16:17)
4 Blademaster
2 Wind Walk
2 Critical Strike
3 Shadow Hunter
1 Hex
2 Healing Wave
2 Tauren Chieftain
1 War Stomp
1 Endurance Aura
» actions
| Assign group hotkey | 26 | |
| Basic commands | 151 | |
| Build / train | 60 | |
| Enter build submenu | 13 | |
| Enter hero's abilities submenu | 9 | |
| Give item / drop item | 5 | |
| Right click | 542 | |
| Select / deselect | 157 | |
| Select group hotkey | 996 | |
| Use ability | 75 | |
2034 total
» units
| Peon | 12 | |
| Grunt | 4 | |
| Wind Rider | 9 | |
| Kodo Beast | 1 | |
26 total
» upgrades
| Berserker Strength | 1 | |
| Envenomed Spears | 1 | |
| War Drums Damage Increase | 1 | |
3 total
» buildings
| Altar of Storms | 1 | |
| Orc Burrow | 6 | |
| Barracks | 1 | |
| Voodoo Lounge | 1 | |
| Stronghold | 2 | |
| Beastiary | 1 | |
| Fortress | 1 | |
| War Mill | 1 | |
| Great Hall | 1 | |
15 total
» build order
00:05 Altar of Storms
00:18 Orc Burrow
00:34 Barracks
01:30 Orc Burrow
01:57 Voodoo Lounge
03:03 Stronghold
03:07 Orc Burrow
04:26 Orc Burrow
05:27 Beastiary
06:12 Fortress
10:20 Orc Burrow
10:30 War Mill
12:13 Great Hall
14:15 Orc Burrow
» items
| Healing Salve | 4 | |
| Lesser Clarity Potion | 3 | |
| Scroll of Speed | 1 | |
| Potion of Healing | 2 | |
| Orb of Lightning | 1 | |
| Claws of Attack +6 | 1 | |
| Scroll of Healing | 1 | |
| Scroll of Protection | 1 | |
14 total
Chat log
(00:28 / All) Torbull: gl./
(00:35 / All) blademonster: u2
(03:39 / All) Torbull: lol saw that coming
(13:43 / All) Torbull: keke